 Dungeon Crawl Stone Soup version 0.28.0 (webtiles) character file.

Game seed: 16692439685070623423

186 Zoltar the Magician (level 5, -2/33 HPs)
             Began as a Djinni Venom Mage on Feb 16, 2022.
             Was a Believer of Hepliaklqana.
             Slain by an iguana (10 damage)
             ... on level 3 of the Dungeon.
             The game lasted 00:20:27 (2132 turns).

Zoltar the Magician (Djinni Venom Mage)             Turns: 2132, Time: 00:20:28

Health: -2/33      AC:  2    Str:  7    XL:     5   Next: 98%
Gold:   54         EV: 12    Int: 18    God:    Hepliaklqana [**....] SH:  0 Dex: 14

rFire   + + .      SeeInvis +   f - +3 quick blade of the Invisible Artisans {freeze, SInv}
rCold   x . .      Faith    .   (no shield)
rNeg    . . .      Spirit   .   a - +0 robe
rPois   ∞          Reflect  .   (no helmet)
rElec   .          Harm     .   (no cloak)
rCorr   .          Rampage  .   (no gloves)
Will    .....                   (boots unavailable)
Stlth   ++........              (no amulet)
HPRegen 0.11/turn               (no ring)
MPRegen 0.00/turn               (no ring)

@: flying
A: reduced essence, sickness immunity, fire resistance 2, cold vulnerability 1,
float, innate caster, HP casting, extra vitality 1
a: Renounce Religion, Recall Ancestor, Ancestor Identity


You were on level 3 of the Dungeon.
You worshipped Hepliaklqana.
Hepliaklqana was pleased with you.
You visited 1 branch of the dungeon, and saw 3 of its levels.

You collected 54 gold pieces.

Inventory:

Hand Weapons
 f - the +3 quick blade of the Invisible Artisans (weapon) {freeze, SInv}
   (You acquired it on level 3 of the Dungeon)

   It freezes those it strikes, dealing additional cold damage.
   It can also slow down cold-blooded creatures.
   SInv:      It lets you see invisible.
Armour
 a - a +0 robe (worn)
Jewellery
 b - a ring of positive energy
Scrolls
 c - a scroll of teleportation
Potions
 d - a potion of magic {unknown}
 e - a potion of degeneration {unknown}
 g - a potion of flight {unknown}


   Skills:
 * Level 1.0 Fighting
 * Level 0.8 Short Blades
 + Level 1.0 Throwing
 * Level 1.1 Armour
 + Level 2.6 Dodging
 + Level 2.2 Stealth
 + Level 3.4 Spellcasting
 * Level 1.6 Invocations


You couldn't memorise any spells.
You knew the following spells:

 Your Spells              Type           Power      Damage    Failure   Level
a - Sting                 Tmut/Pois      60%        1d6       3%          1
b - Poisonous Vapours     Pois/Air       30%        N/A       5%          2
c - Mephitic Cloud        Conj/Pois/Air  15%        N/A       11%         3
d - Olgreb's Toxic Radia  Pois           15%        N/A       36%         4
e - Pain                  Necr           60%        1d7       3%          1
f - Corpse Rot            Necr/Air       30%        N/A       5%          2
Your spell library was empty.

Dungeon Overview and Level Annotations

Branches:
Dungeon (3/15)

Altars:
Gozag
Hepliaklqana


Innate Abilities, Weirdness & Mutations

Your life essence is reduced to manifest your ancestor. (-10% HP)
You are immune to sickness and miasma.
You are immune to poison.
Your flesh is very heat resistant. (rF++)
You are vulnerable to cold. (rC-)
You float through the air rather than walking.
You learn spells naturally, not from books.
Your magical power is your life essence.
You have superior vitality. (+4 MHP)


Message History

Aiming: Sting (safe; 3% risk of failure)
Press: ? - help, Q - select action, (/) - cycle Shift-Dir - straight line, f/p - gnoll
Aim: a gnoll, wielding a +0 club (moderately wounded, confused, 94% to hit)
The sting hits the gnoll.
The gnoll is poisoned.
The gnoll is heavily wounded.
The gnoll closely misses the giant cockroach.
The giant cockroach waves its antennae.
The gnoll hits the iguana with a +0 club.
The gnoll looks more healthy.
You hit the gnoll. You freeze the gnoll.
The gnoll is almost dead.
The gnoll closely misses the iguana.
You strike the helpless gnoll from behind!
You hit the gnoll. You freeze the gnoll.
You kill the gnoll!
Casting: Sting (safe; 3% risk of failure)
Confirm with . or Enter, or press ? or * to list all spells.
The spell is quite dangerous to miscast (11% risk of failure)!
Continue anyway?
Aiming: Mephitic Cloud (quite dangerous; 11% risk of failure)
Press: ? - help, Shift-Dir - straight line, f - iguana
Aim: an iguana (heavily wounded, chance to affect: 86%)
The ball explodes into a vile cloud!
The stinking cloud engulfs the iguana but does no damage.
The iguana is heavily wounded.
The stinking cloud engulfs the giant cockroach but does no damage.
The giant cockroach is almost dead.
The iguana is engulfed in noxious fumes.
You hit the iguana but do no damage.
The iguana is heavily wounded.
The iguana bites you.
Aiming: Sting (safe; 3% risk of failure)
Press: ? - help, Q - select action, (/) - cycle Shift-Dir - straight line, f/p - iguana
Aim: an iguana (heavily wounded, 77% to hit)
The sting hits the iguana but does no damage.
The iguana is poisoned.
The iguana is heavily wounded.
The iguana bites you!
* * * LOW HITPOINT WARNING * * *
The iguana bites you!
You die...

#########.g....
#g..lBg..>.....
#.#######.g...)
#.####### #B#
..... ........#
#)# ....
#.#####.# #.#
... #.# #.# ##
###.###l#
#.....@.#
.#.###.#.######
............^.#
..#####)......#
..............#
#.####....#####
#.......#
#.#.....# ##
#.#.[...#


You could see an iguana (poisoned), a gnoll and a giant cockroach.

Vanquished Creatures
  Pargi (D:3)
  2 gnolls
  2 dart slugs
  A hexer (D:3)
  2 bats (D:2)
  A giant cockroach (D:2)
  2 goblins
  3 hobgoblins (D:1)
  A quokka (D:3)
  A ball python (D:1)
  6 frilled lizards
  2 kobolds
  4 rats
28 creatures vanquished.

Vanquished Creatures (collateral kills)
  A hound (D:2)
  A worm (D:3)
  3 endoplasms
  A hobgoblin (D:2)
  2 kobolds
  2 bats (D:2)
  A frilled lizard (D:1)
  A rat (D:2)
12 creatures vanquished.

Vanquished Creatures (others)
  A hexer (D:3)
  An ancestor (D:1)
  A plant (D:1)
3 creatures vanquished.

Grand Total: 43 creatures vanquished

Notes
Turn   | Place    | Note
-------+----------+-------------------------------------------
     0 | D:1      | Zoltar the Djinni Venom Mage began the quest for the Orb.
     0 | D:1      | Reached XP level 1. HP: 15/15 MP: 0/0
   140 | D:1      | Found a faded altar of an unknown god.
   148 | D:1      | Prayed at the altar of an unknown god.
   148 | D:1      | Became a worshipper of Hepliaklqana the Forgotten
   148 | D:1      | Reached * piety under Hepliaklqana
   189 | D:1      | Reached XP level 2. HP: 12/18 MP: 0/0
   554 | D:1      | Reached skill level 3 in Spellcasting
   720 | D:2      | Reached XP level 3. HP: 21/22 MP: 0/0
   720 | D:2      | Learned a level 1 spell: Pain
   770 | D:2      | Found an opulent altar of Gozag.
   991 | D:2      | Reached ** piety under Hepliaklqana
   992 | D:2      | Remembered your ancestor Zoffar as a hexer
  1368 | D:2      | Identified the +1 scale mail of the Barracuda {rPois rCorr}
  1672 | D:2      | Reached XP level 4. HP: 23/27 MP: 0/0
  1796 | D:3      | Identified a scroll of acquirement
  1796 | D:3      | Acquired the +3 quick blade of the Invisible Artisans
                  | {freeze, SInv}
  2002 | D:3      | Noticed Pargi
  2015 | D:3      | Killed Pargi
  2016 | D:3      | Reached skill level 1 in Fighting
  2016 | D:3      | Reached skill level 1 in Throwing
  2016 | D:3      | Reached skill level 1 in Armour
  2016 | D:3      | Reached skill level 1 in Invocations
  2016 | D:3      | Reached XP level 5. HP: 24/33 MP: 0/0
  2016 | D:3      | Learned a level 2 spell: Corpse Rot
  2132 | D:3      | Slain by an iguana

Illustrated notes

Levels and vault maps discovered:
D:1:      minmay_arrival_glassed_features, layout_rooms, serial_forest,
          infiniplex_forest_straight_5, infiniplex_forest_clump_small,
          infiniplex_forest_clump_C, infiniplex_forest_split,
          infiniplex_forest_straight_2, infiniplex_forest_diagonal,
          dreamdust_ecumenical_altar_hidden_monk_grotto,
          nicolae_figureground_sparkle
D:2:      layout_loops_corners, serial_aquarium, aquarium_bridge_square
          [aquarium_subvault_balcony, aquarium_subvault_window,
          aquarium_subvault_window, aquarium_subvault_bridge],
          aquarium_window_corner, aquarium_window_fake, aquarium_window_corner,
          aquarium_view_4, aquarium_pool_side, basic_altar, grunt_ministairs_8
D:3:      layout_basic, uniq_pargi

Skill      XL: |  1  2  3  4 |
---------------+-------------+-----
Spellcasting   | 3 |  3.4
Stealth        | 2 |  2.2
Fighting       | 1 |  1.0
Throwing       | 1 |  1.0
Armour         | 1 |  1.1
Invocations    | 1 |  1.6
Short Blades   | |  0.8
Dodging        | |  2.6

Action                   |  1- 3 |  4- 6 || total
-------------------------+-------+-------++-------
Melee: Quick blade       |       |    10 ||    10
Throw: Dart              |    22 |     3 ||    25
 Cast: Sting             |    16 |    11 ||    27
       Pain              |     6 |     4 ||    10
       Mephitic Cloud    |       |     5 ||     5
Invok: Ancestor Identity |     1 |       ||     1
       Ancestor Life: He |     1 |       ||     1
       Recall Ancestor   |       |     1 ||     1
  Use: Scroll            |     2 |     2 ||     4
 Stab: Confused          |       |     2 ||     2
Armor: Robe              |       |     2 ||     2
Dodge: Dodged            |     7 |       ||     7
